 Dungeon Crawl Stone Soup version 0.27-a0-46-g34d46f0a3f (webtiles) character file.

Game seed: 17563767767113083342

465 Borgoz the Skirmisher (level 7, -3/49 HPs)
             Began as a Halfling Fighter on Jan 6, 2021.
             Killed by divine providence
             ... invoked by an orc priest
              (8 damage)
             ... on level 3 of the Dungeon.
             The game lasted 00:03:50 (2638 turns).

Borgoz the Skirmisher (Halfling Fighter)            Turns: 2638, Time: 00:03:51

Health: -3/49      AC:  9    Str: 17    XL:     7   Next: 29%
Magic:  7/7        EV:  9    Int:  6    God:
Gold:   205        SH: 10    Dex: 16    Spells: 6/6 levels left

rFire    . . .     SeeInvis .   a - +0 long sword
rCold    . . .     Faith    .   c - +0 kite shield
rNeg     . . .     Spirit   .   b - +0 scale mail
rPois    .         Reflect  .   (no helmet)
rElec    .         Harm     .   (no cloak)
rCorr    .         Rampage  .   (no gloves)
Will     .....                  i - +1 pair of boots
Stlth    ..........             (no amulet)
HPRegen  0.16/turn              (no ring)
MPRegen  0.10/turn              (no ring)

@: about to teleport
A: small, mutation resistance 1
a: no special abilities


You were on level 3 of the Dungeon.
You visited 1 branch of the dungeon, and saw 4 of its levels.

You collected 205 gold pieces.

Inventory:

Hand Weapons
 a - a +0 long sword (weapon)
Armour
 b - a +0 scale mail (worn)
 c - a +0 kite shield (worn)
 i - a +1 pair of boots (worn)
Scrolls
 d - 2 scrolls of teleportation
 e - a scroll of amnesia
Potions
 k - 2 potions of flight


   Skills:
 * Level 4.6 Fighting
 * Level 4.5 Long Blades
 + Level 4.5 Armour
 + Level 4.5 Shields


You had 6 spell levels left.
You didn't know any spells.
Your spell library contained the following spells:

 Spells                   Type           Power        Failure   Level
 Blink                    Tloc           N/A          100%        2
 Gell's Gravitas          Tloc           0%           100%        3
 Lesser Beckoning         Tloc           0%           100%        3
 Teleport Other           Tloc           0%           100%        3
 Passage of Golubria      Tloc           N/A          100%        4


Dungeon Overview and Level Annotations

Branches:
Dungeon (4/15)
 Temple: D:4-7

Altars:
Okawaru
Uskayaw

Annotations:
D:3 Terence


Innate Abilities, Weirdness & Mutations

You are small and have problems with some larger weapons.
You are somewhat resistant to further mutation.


Message History

Terence hits you but does no damage.
You closely miss Terence.
Terence is lightly wounded.
Terence barely misses you.
You riposte.
You closely miss Terence.
Terence is lightly wounded.
The orc priest mumbles some strange prayers to Beogh against you.
Pain shoots through your body!
* * * LOW HITPOINT WARNING * * *
Okay, then.
As you read the scroll of teleportation, it crumbles to dust.
You feel strangely unstable. You block Terence's attack.
An orc comes into view. It is wielding a +0 trident.
Your shield prevents you from hitting the orc priest.
An orc comes into view. It is wielding a +0 club.
Terence barely misses you. The orc priest closely misses you.
You riposte.
You closely miss the orc priest.
An orc comes into view. It is wielding a +0 dagger.
The orc priest invokes the aid of Beogh against you.
Beogh smites you!
You die...

..............†.†.....#
...........[..........#
...........÷..........#
).....................#
...###.......)........#
.............(........#
(..##########)........#
#######...o..)........##
.......o....o@@...........>#
##..o....................#
#..................@.....
#...##...###...##........
#..###.#.# #.#.# #.......
#..###...#.#...###.......
#.....###...###.g.g......
#...#.#(#.#.#.#.#..####
#.....##.#.#.##.@g....#


You could see Terence, an orc priest and 3 orcs.

Vanquished Creatures
  Sigmund (D:2)
  A scorpion (D:2)
  An orc priest (D:3)
  2 orc wizards (D:3)
  Jessica (D:3)
  A worker ant (D:4)
  A gnoll (D:1)
  4 adders
  A worm (D:3)
  2 dart slugs
  2 leopard geckos
  2 orcs (D:3)
  2 ball pythons
  5 giant cockroaches
  9 goblins
  6 hobgoblins
  A quokka (D:4)
  11 bats
  3 frilled lizards
  10 kobolds
  7 rats
73 creatures vanquished.

Notes
Turn   | Place    | Note
-------+----------+-------------------------------------------
     0 | D:1      | Borgoz the Halfling Fighter began the quest for the Orb.
     0 | D:1      | Reached XP level 1. HP: 15/15 MP: 1/1
    91 | D:1      | Reached XP level 2. HP: 17/20 MP: 2/2
   411 | D:1      | Reached XP level 3. HP: 26/26 MP: 3/3
   687 | D:1      | Reached XP level 4. HP: 10/31 MP: 4/4
  1223 | D:2      | Reached XP level 5. HP: 10/36 MP: 5/5
  1886 | D:2      | Noticed Sigmund
  1906 | D:2      | Killed Sigmund
  1907 | D:2      | Reached XP level 6. HP: 28/43 MP: 6/6
  2050 | D:2      | You fall into a shaft and drop 2 floors!
  2052 | D:4      | Found a hide-covered altar of Uskayaw.
  2313 | D:3      | Found an iron altar of Okawaru.
  2401 | D:3      | Reached XP level 7. HP: 49/49 MP: 7/7
  2538 | D:3      | Noticed Terence
  2541 | D:3      | Noticed Jessica
  2615 | D:3      | Killed Jessica
  2638 | D:3      | Killed from afar by an orc priest

Illustrated notes

Levels and vault maps discovered:
D:1:      roderic_dead_forest, layout_basic, dk_noncrumbling_4, minmay_ruptured
D:2:      layout_basic, lemuel_crystal_altar, item_on_display_a, uniq_sigmund
D:3:      cheibrodos_pilgrimage, layout_basic, okawaru_gym_becter,
          gammafunk_temple_overflow_statue, lightli_sewer_entry_pipes,
          minmay_starry_boxes, uniq_jessica, uniq_terence
D:4:      layout_rooms, lemuel_doored_altar

Skill      XL: |  1  2  3  4  5 |
---------------+----------------+-----
Fighting       | 3 4 |  4.6
Long Blades    | 3 4 |  4.5
Armour         | 4 |  4.5
Shields        | 4 |  4.5

Action                   |  1- 3 |  4- 6 |  7- 9 || total
-------------------------+-------+-------+-------++-------
Melee: Long sword        |    92 |   115 |    78 ||   285
  Use: Potion            |     1 |     4 |       ||     5
       Scroll            |       |     7 |     4 ||    11
Armor: Scale mail        |    54 |    37 |    39 ||   130
       Skin              |       |    17 |    34 ||    51
Dodge: Dodged            |    47 |    38 |    37 ||   122
Block: Kite shield       |    50 |    58 |    77 ||   185
       Rpst.: Long sword |    16 |    13 |    12 ||    41

Table legend: (Time is in decaauts)
 A = Elapsed time spent in this place.
 B = Non-inter-level travel time spent in this place.
 C = Inter-level travel time spent in this place.
 D = Time resting spent in this place.
 E = Time spent auto-exploring this place.
 F = Levels seen in this place.
 G = Mean time per level.
                   A        B        C        D        E       F      G
               +--------+--------+--------+--------+--------+-----+--------+
         Total |   2748 |   2732 |     16 |    602 |   1414 |   4 |  687.0 |
       Dungeon |   2748 |   2732 |     16 |    602 |   1414 |   4 |  687.0 |
               +--------+--------+--------+--------+--------+-----+--------+

Top non-repeatable levels by time:
     D:1: 1217 daAuts
     D:2: 889 daAuts
     D:3: 375 daAuts
     D:4: 266 daAuts
